 Dungeon Crawl Stone Soup version 0.23.2-1-ga50397a (webtiles) character file.

Game seed: 11247384284738491463

1008 MalarOregon the Ducker (level 8, -10/57 HPs)
             Began as a Merfolk Air Elementalist on May 15, 2019.
             Mangled by Sigmund
             ... wielding a +0 scythe
              (13 damage)
             ... on level 6 of the Dungeon.
             The game lasted 00:16:59 (6381 turns).

MalarOregon the Ducker (Merfolk Air Elementalist)   Turns: 6381, Time: 00:17:00

Health: -10/57     AC:  5    Str: 13    XL:     8   Next: 20%
Magic:  2/14       EV: 14    Int: 16    God:
Gold:   226        SH:  4    Dex: 14    Spells: 7/15 levels left

rFire    . . .     SeeInvis .   c - +6 flail "Miegim" {flame, rElec Str+4 Stlth+}
rCold    . . .     Gourm    .   k - +0 buckler
rNeg     . . .     Faith    .   a - +1 robe
rPois    .         Spirit   .   o - +1 helmet (curse)
rElec    +         Reflect  .   (no cloak)
rCorr    .         Harm     .   (no gloves)
MR       .....                  (no boots)
Stlth    +++.......             (no amulet)
HPRegen  0.19/turn              (no ring)
MPRegen  0.14/turn              (no ring)

@: berserk cooldown, very slightly contaminated, slowed, very slow
A: change form in water, swift swim, stealthy swim
a: no special abilities


You were on level 6 of the Dungeon.
You were hungry.

You visited 2 branches of the dungeon, and saw 7 of its levels.

You collected 226 gold pieces.

Inventory:

Hand Weapons
 c - the +6 flail "Miegim" (weapon) {flame, rElec Str+4 Stlth+}
   (You found it on level 5 of the Dungeon)

   It has been specially enchanted to burn those struck by it, causing extra
   injury to most foes and up to half again as much damage against particularly
   susceptible opponents.
   It affects your strength (+4).
   It insulates you from electricity.
   It makes you more stealthy.
Missiles
 g - 2 throwing nets (quivered) {!f}
Armour
 a - a +1 robe (worn)
 k - a +0 buckler (worn)
   (You found it on level 3 of the Dungeon)
 o - a cursed +1 helmet (worn)
   (You took it off Robin on level 3 of the Dungeon)
Scrolls
 f - 3 scrolls of identify {@r1}
 i - a scroll of remove curse {@r2}
 l - a scroll of blinking
Potions
 b - 3 potions of haste {@q3}
 d - a potion of might
 h - a potion of lignification {!q}
 m - a potion of resistance
 n - 4 potions of curing {@q1}
 r - a potion of flight
Comestibles
 e - 6 rations {!d}
 j - 2 chunks of flesh


   Skills:
 + Level 2.7 Fighting
   Level 2.1 Short Blades
 + Level 1.0 Maces & Flails
 + Level 4.5 Dodging
 + Level 3.8 Stealth
 * Level 2.6 Shields
 * Level 4.0 Spellcasting
 - Level 3.0 Conjurations
 * Level 4.1 Air Magic


You had 7 spell levels left.
You knew the following spells:

 Your Spells              Type           Power        Failure   Level  Hunger
a - Shock                 Conj/Air       ##..         4%          1    None
b - Airstrike             Air            ###.......   34%         4    ####...
d - Static Discharge      Conj/Air       ##......     14%         3    ###....

Your spell library contained the following spells:

 Spells                   Type           Power        Failure   Level  Hunger
 Swiftness                Chrm/Air       #.......     13%         2    ##.....
 Lightning Bolt           Conj/Air       ##........   77%         5    ######.


Dungeon Overview and Level Annotations

Branches:
Dungeon (6/15)             Temple (1/1) D:4

Altars:
Ashenzari
Cheibriados
Elyvilon
Gozag
Hepliaklqana
Kikubaaqudgha
Makhleb
Nemelex Xobeh
Okawaru
Qazlal
Sif Muna
Trog
Uskayaw
Vehumet
Wu Jian
Xom
Yredelemnul
Zin
The Shining One

Annotations:
D:2 1 runed translucent door, Crazy Yiuf
D:6 Sigmund


Message History

You kill the orc wizard!
Sigmund misses you.
An adder comes into view.
Things that are here:
a +0 dagger; a cursed +0 robe; an orc corpse You closely miss Sigmund.
Sigmund gestures at you while chanting. The puff of flame hits you!
* * * LOW HITPOINT WARNING * * *
You barely miss Sigmund.
Sigmund gestures wildly while chanting.
Sigmund flickers and vanishes!
Deactivating autopickup; reactivate with Ctrl-A.
You closely miss something. Something hits you!
* * * LOW HITPOINT WARNING * * *
You hit something. You burn something.
Unknown command.
Unknown command.
You barely miss something.
You hear some strange, mumbled words.
A puff of flame appears from out of thin air!
The puff of flame hits you.
* * * LOW HITPOINT WARNING * * *
Unknown command.
You closely miss something.
You hear some strange, mumbled words.
A magic dart appears from out of thin air!
The magic dart hits you!
* * * LOW HITPOINT WARNING * * *
You closely miss something. Something hits you!
* * * LOW HITPOINT WARNING * * *
A quokka comes into view.
You are too berserk!
Unknown command.
You are too berserk!
You are too berserk!
You are too berserk!
You are too berserk!
You are too berserk!
You are too berserk!
You closely miss something. You miss something. You barely miss something.
You are no longer berserk.
You are exhausted.
You feel yourself slow down. Something hits you!
You die...

#.####.# #.####.#
#.#....# #.#.######.
#<......... ###.#######
#.#....# #.#.##.#
###########.#.##@#
............#.##{#
#############.##W###...
............†...SZ......
....########...#.r...###
.............))..#####
###.######.....#.#
...............#.#
###.#....@..##.#.#


You could see a phantom, an adder, a water moccasin zombie and a quokka.

Vanquished Creatures
  A sky beast (D:5)
  2 ogres
  3 vampire bats (D:4)
  A crimson imp (D:5)
  2 orc wizards (D:6)
  A centaur skeleton (D:6)
  3 hounds
  An iguana (D:4)
  4 worker ants (D:4)
  Terence (D:2)
  Robin (D:3)
  A worker ant zombie (D:5)
  8 gnolls
  3 adders
  An adder skeleton (D:4)
  A worm (D:2)
  12 dart slugs
  4 leopard geckos
  12 orcs
  4 ball pythons
  3 giant cockroaches
  4 hobgoblins
  13 jackals
  9 kobolds
  3 quokkas
  7 bats
  8 frilled lizards
  A giant cockroach zombie (D:5)
  18 goblins
  A leopard gecko zombie (D:5)
  4 rats
137 creatures vanquished.

Notes
Turn   | Place    | Note
-------+----------+-------------------------------------------
     0 | D:1      | MalarOregon the Merfolk Air Elementalist began the quest
                  | for the Orb.
     0 | D:1      | Reached XP level 1. HP: 13/13 MP: 3/3
   237 | D:1      | Reached skill level 1 in Conjurations
   237 | D:1      | Reached XP level 2. HP: 18/19 MP: 0/5
   941 | D:2      | Reached XP level 3. HP: 25/25 MP: 3/6
  1082 | D:2      | Learned a level 3 spell: Static Discharge
  1154 | D:2      | Found a sparkling altar of Nemelex Xobeh.
  1234 | D:1      | Reached XP level 4. HP: 13/31 MP: 3/7
  1661 | D:1      | Learned a level 4 spell: Airstrike
  1666 | D:2      | Reached skill level 1 in Fighting
  1751 | D:2      | Reached skill level 1 in Short Blades
  2353 | D:2      | Noticed Terence
  2402 | D:2      | Killed Terence
  2492 | D:2      | Reached XP level 5. HP: 37/37 MP: 7/9
  2622 | D:2      | Found a runed translucent door.
  2623 | D:2      | Noticed Crazy Yiuf
  3432 | D:3      | Noticed Robin
  3440 | D:3      | Killed Robin
  4334 | D:4      | Found a staircase to the Ecumenical Temple.
  4340 | Temple   | Entered the Ecumenical Temple
  4557 | D:4      | Reached XP level 6. HP: 44/44 MP: 10/10
  5003 | D:4      | Reached skill level 1 in Shields
  5352 | D:4      | Reached XP level 7. HP: 44/50 MP: 8/12
  5529 | D:5      | Entered Level 5 of the Dungeon
  5645 | D:5      | Got a slimy flail
  5646 | D:5      | Identified the +6 flail "Miegim" {flame, rElec Str+4
                  | Stlth+} (You found it on level 5 of the Dungeon)
  6056 | D:5      | Reached XP level 8. HP: 57/57 MP: 13/13
  6352 | D:6      | Reached skill level 1 in Maces & Flails
  6352 | D:6      | Noticed Sigmund
  6378 | D:6      | HP: 4/85 [something (11)]
  6381 | D:6      | Mangled by Sigmund

Skill      XL: |  1  2  3  4  5  6  7  8 |
---------------+-------------------------+-----
Conjurations   | 1 2 3 |  3.0
Dodging        | 3 4 |  4.5
Fighting       | 1 2 |  2.7
Short Blades   | 1 2 |  2.1
Air Magic      | 3 4 |  4.1
Spellcasting   | 3 4 |  4.0
Stealth        | 3 |  3.8
Shields        | 1 2 |  2.6
Maces & Flails | 1 |  1.0

Action                   |  1- 3 |  4- 6 |  7- 9 || total
-------------------------+-------+-------+-------++-------
Melee: Unarmed           |     4 |       |       ||     4
       Dagger            |    17 |    12 |     4 ||    33
       Flail             |       |       |    62 ||    62
 Cast: Shock             |    55 |   160 |    43 ||   258
       Static Discharge  |       |     7 |     2 ||     9
  Use: Potion            |       |     6 |     1 ||     7
       Scroll            |       |     3 |     7 ||    10
 Stab: Sleeping          |     2 |     4 |     7 ||    13
  Eat: Chunk             |     2 |    14 |     3 ||    19
Armor: Robe              |     1 |     7 |    14 ||    22
       Skin              |       |     3 |       ||     3
Dodge: Dodged            |    22 |    42 |    59 ||   123
Block: Buckler           |       |       |    14 ||    14
